 Dungeon Crawl Stone Soup version 0.18-a0-1109-gfc003ac (webtiles) character file.

125 wvc the Insei (level 4, -2/35 HPs)
             Began as a Mummy Monk on Jan 16, 2016.
             Was a Believer of Cheibriados.
             Slain by Terence
             ... wielding a +0 mace
              (6 damage)
             ... on level 2 of the Dungeon.
             The game lasted 00:04:44 (2813 turns).

wvc the Insei (Mummy Monk)                          Turns: 2813, Time: 00:04:44

Health: -2/35      AC:  5    Str: 19    XL:     4   Next: 82%
Magic:  4/4        EV:  9    Int: 15    God:    Cheibriados [**....]
Gold:   51         SH:  8    Dex: 19    Spells: 0 memorised, 3 levels left

rFire  x . .     SeeInvis .     h - +0 spear
rCold  + . .     Gourm    .     g - +0 ring mail (curse)
rNeg   + + +     Faith    .     b - +0 shield
rPois  ∞         Spirit   .     (no helmet)
rElec  .         Dismiss  .     (no cloak)
rCorr  .         Reflect  .     (no gloves)
SustAt .         Harm     .     (no boots)
MR     .....                    (no amulet)
Stlth  +.........               (no ring)
                                (no ring)

@: very slow, not resistant to hostile enchantments, very unstealthy
A: no food or potions, fire vulnerability, cold resistance 1, negative energy
resistance 3, torment resistance, unbreathing
a: Bend Time, Renounce Religion


You were on level 2 of the Dungeon.
You worshipped Cheibriados.
Cheibriados was pleased with you.
You were not hungry.

You visited 1 branch of the dungeon, and saw 3 of its levels.

You collected 51 gold pieces.

Inventory:

Hand Weapons
 h - a +0 spear (weapon)
Armour
 b - a +0 shield (worn)
 g - a cursed +0 ring mail (worn)
Scrolls
 a - 2 scrolls of identify
 c - a scroll of remove curse
 f - a scroll of enchant armour


   Skills:
 - Level 3.0 Fighting
 * Level 2.8 Polearms
 - Level 2.0 Armour
 - Level 2.4 Dodging
 - Level 1.5 Stealth
 + Level 0.1 Shields
 - Level 3.2 Unarmed Combat


You had 3 spell levels left.
You didn't know any spells.

Dungeon Overview and Level Annotations

Branches:
Dungeon (3/15)

Altars:
Cheibriados
Makhleb
Vehumet
Xom

Annotations:
D:2 Terence
D:3 xgamer67's ghost, amateur OpWn


Innate Abilities, Weirdness & Mutations

You do not eat or drink.
Your flesh is vulnerable to fire.
You are immune to poison.
Your flesh is cold resistant.
You are immune to negative energy.
You are immune to unholy pain and torment.
You can survive without breathing.


Message History

Terence is almost dead.
You block Terence's attack.
You hit Terence but do no damage.
Terence is almost dead.
You block Terence's attack.
Your shield prevents you from hitting Terence.
Terence is almost dead.
You block Terence's attack.
You barely miss Terence.
Terence is almost dead.
Terence bares his teeth.
Terence barely misses you.
You hit Terence but do no damage.
Terence is almost dead.
Terence hits you with a mace.
* * * LOW HITPOINT WARNING * * *
You hit Terence but do no damage.
Terence is almost dead.
Terence hits you with a mace.
You die...

..........................%...#
##...##.........(.............#
#............................#
##.........###...###..........#
##...#.##........# #..........#
.....#...........###..........#
....#####.....#...##..........#
.....## ###.#.#.@.##..........#
......# #.....@.............#
#...#.#####.#....#............#
#.......##..#....###..........#
#.....)..<........##.......@..#
..........#.......##..........#
..........#...................#
..........######..............#
#.........# #...............#
#.........# #.......#########


You could see Terence.

Vanquished Creatures
  A gnoll (D:1)
  6 adders
  10 bats
  4 giant cockroaches
  7 goblins
  6 hobgoblins
  12 jackals (D:1)
  A ball python (D:1)
  A giant newt (D:1)
  5 kobolds
  4 rats
57 creatures vanquished.

Vanquished Creatures (others)
  A giant gecko (D:2)
1 creature vanquished.

Grand Total: 58 creatures vanquished

Notes
Turn   | Place    | Note
--------------------------------------------------------------
     0 | D:1      | wvc the Mummy Monk began the quest for the Orb.
     0 | D:1      | Reached XP level 1. HP: 18/18 MP: 1/1
    48 | D:1      | Reached skill level 1 in Armour
    97 | D:1      | Reached XP level 2. HP: 13/24 MP: 2/2
  1085 | D:1      | Reached XP level 3. HP: 22/29 MP: 3/3
  1091 | D:1      | Reached skill level 1 in Polearms
  1775 | D:2      | Reached XP level 4. HP: 33/35 MP: 4/4
  1899 | D:2      | Found a radiant altar of Vehumet.
  1909 | D:2      | Found a burning altar of Makhleb.
  1909 | D:2      | Found a snail-covered altar of Cheibriados.
  1919 | D:2      | Became a worshipper of Cheibriados the Contemplative
  1919 | D:2      | Reached * piety under Cheibriados
  1919 | D:2      | Reached ** piety under Cheibriados
  1956 | D:2      | Found a faded altar to an unknown god.
  2256 | D:2      | Found a shimmering altar of Xom.
  2579 | D:3      | Noticed Terence
  2584 | D:3      | Noticed xgamer67's ghost (amateur OpWn)
  2813 | D:2      | Slain by Terence

Vault maps used:
D:1:      minmay_arrival_radiant_lines, minmay_misc_feat_pillars, minivault_27
D:2:      nicolae_overflow_crystal_walls, gammafunk_temple_overflow_wave,
          fiery_altar_vehumet, ecumenical_altar_2
D:3:      lemuel_coloured_pillars_altar, uniq_terence

Action                   |  1- 3 |  4- 6 || total
-------------------------+-------+-------++-------
Melee: Unarmed           |   189 |     3 ||   192
       Spear             |       |   119 ||   119
Throw: Throwing net      |       |     2 ||     2
  Use: Scroll            |       |     4 ||     4
 Stab: Sleeping          |     1 |     2 ||     3
       Held in net/web   |       |     1 ||     1
